 Dungeon Crawl Stone Soup version 0.28-a0-1334-g1c9ffb4daf (webtiles) character file.

Game seed: 1979740937977254169

1456 Grim the Spear-Bearer (level 9, -13/64 HPs)
             Began as a Formicid Fighter on Dec 28, 2021.
             Was an Initiate of the Shining One.
             Killed from afar by a gargoyle (34 damage)
             ... with a stone arrow
             ... on level 6 of the Dungeon.
             The game lasted 00:08:45 (6537 turns).

Grim the Spear-Bearer (Formicid Fighter)            Turns: 6537, Time: 00:08:46

Health: -13/64     AC: 12    Str: 24    XL:     9   Next: 5%
Magic:  9/9        EV: 10    Int:  9    God:    the Shining One [......]
Gold:   255        SH:  4    Dex: 10    Spells: 8/8 levels left

rFire   . . .      SeeInvis +   a - +0 trident
rCold   . . .      Faith    .   c - +0 buckler
rNeg    . . .      Spirit   .   u - +0 plate armour
rPois   .          Reflect  .   (helmet unavailable)
rElec   .          Harm     .   o - +0 cloak
rCorr   +          Rampage  .   (no gloves)
Will    .....                   (no boots)
Stlth   ..........              (no amulet)
HPRegen 0.20/turn               h - +4 ring of evasion
MPRegen 0.11/turn               p - ring of resist corrosion

@: glowing
A: permanent stasis, dig shafts and tunnels, antennae 3, four strong arms
a: Dig, Shaft Self, Renounce Religion


You were on level 6 of the Dungeon.
You worshipped the Shining One.
The Shining One was noncommittal.
You visited 2 branches of the dungeon, and saw 7 of its levels.

You collected 255 gold pieces.

Inventory:

Hand Weapons
 a - a +0 trident (weapon)
Missiles
 z - 13 poisoned darts
Armour
 b - a +0 scale mail
 c - a +0 buckler (worn)
 o - a +0 cloak (worn)
 u - a +0 plate armour (worn)
Jewellery
 h - a +4 ring of evasion (left hand)
 p - a ring of resist corrosion (right hand)
 q - a ring of ice
 x - a ring of fire
 y - a ring of protection from fire
Wands
 i - a wand of acid (5)
 s - a wand of flame (28)
Scrolls
 d - 5 scrolls of amnesia
 e - a scroll of noise {unknown}
 j - 2 scrolls of fog
 k - a scroll of vulnerability {unknown}
 l - a scroll of summoning {unknown}
 r - a scroll of teleportation
 v - a scroll of fear {unknown}
 w - a scroll of enchant armour {unknown}
 A - a scroll of blinking {unknown}
Potions
 f - 2 potions of haste
 g - 2 potions of heal wounds
 m - a potion of brilliance {unknown}
 n - a potion of flight {unknown}
 B - 2 potions of attraction {unknown}


   Skills:
 - Level 3.2 Fighting
 + Level 10.7 Polearms
 - Level 3.2 Armour
 - Level 3.6 Shields


You had 8 spell levels left.
You didn't know any spells.
Your spell library contained the following spells:

 Spells                   Type           Power      Damage    Failure   Level
 Freeze                   Ice            0%         1d3       100%        1
 Sublimation of Blood     Necr           0%         N/A       100%        2
 Wereblood                Tmut           0%         N/A       100%        2
 Conjure Flame            Conj/Fire      0%         6-21      100%        3
 Dazzling Flash           Conj/Hex       0%         N/A       100%        3
 Frozen Ramparts          Ice            0%         1d2       100%        3
 Ignite Poison            Fire/Tmut/Pois 0%         N/A       100%        3
 Hailstorm                Conj/Ice       0%         3d3       100%        4
 Iskenderun's Mystic Bla  Conj/Tloc      0%         2d3       100%        4
 Sticky Flame             Conj/Fire      0%         2d3       100%        4
 Starburst                Conj/Fire      0%         6d3       100%        6
 Summon Hydra             Summ           0%         N/A       100%        7


Dungeon Overview and Level Annotations

Branches:
Dungeon (6/15)             Temple (1/1) D:5

Altars:
Ashenzari
Fedhas
Gozag
Makhleb
Sif Muna
Xom
The Shining One


Innate Abilities, Weirdness & Mutations

You cannot be hasted, slowed, berserked, paralysed or teleported.
You can dig through walls and to a lower floor.
You have a pair of large antennae on your head. (SInv)
Your four strong arms can wield two-handed weapons with a shield.


Message History

You have reached level 9!
Your experience leads to an increase in your attributes!
Increase (S)trength, (I)ntelligence, or (D)exterity?
You feel stronger. x2
You see here a ring of see invisible.
HP restored.
Found a leather armour.
A hound comes into view.
A hound is nearby!
You puncture the hound!
The hound is almost dead.
The hound bites you but does no damage.
Your plate armour prevents you from hitting the hound.
The hound is almost dead.
The hound barely misses you.
You hit the hound.
The hound is almost dead.
The hound bites you but does no damage.
You hit the hound.
You kill the hound!
The gargoyle hurls a stone arrow at you.
The stone arrow hits you!!
A shadow imp comes into view.
Found a stone staircase leading up.
The shadow imp shouts, "Bolt, thou cockered folly-fallen vassal!"
Found a scroll labelled KUSHEH JIUC.
You block the shadow imp's attack.
You puncture the shadow imp!
The shadow imp is severely wounded.
The shadow imp gestures at you. You resist with significant effort.
The gargoyle hurls a stone arrow at you.
The stone arrow hits you!!
* * * LOW HITPOINT WARNING * * *
The shadow imp misses you.
The shadow imp hits you but does no damage.
The gargoyle hurls a stone arrow at you.
The stone arrow hits you!!
Ouch! That really hurt!
You die...

........#........9..?......
.......#####..###...$......
.###..## #..# ##.........
.# ##..# #..# ##........ .#
.....# #9.# ##.......
#.......#..#####........
#...................
####......?...###...
##...5@....# ###
##........# #....<....#
#.....#...# ......###...#
........ .... ###...#...
... ...#### ..


You could see a gargoyle and a shadow imp.

Vanquished Creatures
  A water moccasin (D:6)
  2 necrophages
  4 ogres
  2 centaurs
  A phantom (D:6)
  A water moccasin zombie (D:5)
  A wyvern skeleton (D:4)
  An electric eel (D:6)
  3 hounds
  2 jellies (D:5)
  2 orc priests (D:3)
  An orc wizard (D:3)
  A howler monkey skeleton (D:5)
  3 gnolls (D:3)
  12 adders
  A shadow imp (D:5)
  An ufetubus (D:3)
  A worm (D:4)
  A dart slug (D:1)
  5 orcs
  7 bats
  6 endoplasms
  4 giant cockroaches
  4 goblins
  10 hobgoblins
  5 jackals
  5 quokkas (D:1)
  8 ball pythons
  3 frilled lizards
  7 kobolds
  11 rats
116 creatures vanquished.

Vanquished Creatures (others)
  An orc (D:6)
1 creature vanquished.

Grand Total: 117 creatures vanquished

Notes
Turn   | Place    | Note
-------+----------+-------------------------------------------
     0 | D:1      | Grim the Formicid Fighter began the quest for the Orb.
     0 | D:1      | Reached XP level 1. HP: 18/18 MP: 1/1
    54 | D:1      | Reached XP level 2. HP: 16/24 MP: 2/2
    76 | D:1      | Reached skill level 3 in Polearms
   520 | D:1      | Reached XP level 3. HP: 24/29 MP: 3/3
   770 | D:1      | Found a faded altar of an unknown god.
  1186 | D:2      | Reached skill level 4 in Polearms
  1186 | D:2      | Reached XP level 4. HP: 22/35 MP: 4/4
  1852 | D:2      | Reached XP level 5. HP: 38/41 MP: 5/5
  2349 | D:3      | Reached skill level 5 in Polearms
  2738 | D:3      | Reached XP level 6. HP: 24/47 MP: 6/6
  2747 | D:3      | Reached skill level 6 in Polearms
  3426 | D:4      | Noticed an ogre
  3452 | D:4      | Killed an ogre
  3453 | D:4      | Reached XP level 7. HP: 15/52 MP: 7/7
  3743 | D:4      | Reached skill level 7 in Polearms
  4320 | D:4      | Reached skill level 8 in Polearms
  4497 | D:5      | Entered Level 5 of the Dungeon
  4569 | D:5      | Found a staircase to the Ecumenical Temple.
  4608 | Temple   | Entered the Ecumenical Temple
  4629 | Temple   | Became a worshipper of the Shining One
  4910 | D:5      | Reached XP level 8. HP: 41/58 MP: 8/8
  5216 | D:5      | Reached skill level 9 in Polearms
  5687 | D:6      | Noticed a gargoyle
  6125 | D:5      | Reached skill level 10 in Polearms
  6380 | D:6      | Reached XP level 9. HP: 54/64 MP: 9/9
  6537 | D:6      | Killed from afar by a gargoyle

Illustrated notes

Levels and vault maps discovered:
D:1:      mrwooster_arrival_statue_2, layout_loops_ring,
          hellmonk_ecumenical_altar_lost_god, minmay_hexomino_c4
D:2:      layout_basic, minmay_misc_feat_room, minmay_splitting_lines
D:3:      layout_rooms
D:4:      layout_cave_pools
D:5:      layout_loops_corners, minmay_temple_entry_mist, minmay_checkerbox
D:6:      layout_layer_cave, lemuel_tele_altar, amcnicky_mini_pool_medium
Temple:   dshaligram_water_room_temple

Skill      XL: |  1  2  3  4  5  6  7  8 |
---------------+-------------------------+-----
Polearms       | 3 4 5 6 8 10 | 10.7
Fighting       | |  3.2
Armour         | |  3.2
Shields        | |  3.6

Action                   |  1- 3 |  4- 6 |  7- 9 || total
-------------------------+-------+-------+-------++-------
Melee: Trident           |   122 |   197 |   137 ||   456
 Abil: Dig               |     1 |       |       ||     1
  Use: Potion            |     1 |     1 |       ||     2
       Scroll            |       |       |     5 ||     5
Armor: Scale mail        |    43 |    64 |       ||   107
       Plate armour      |       |    15 |    48 ||    63
Dodge: Dodged            |    51 |    93 |    48 ||   192
Block: Buckler           |    13 |    34 |    18 ||    65

Table legend: (Time is in decaauts)
 A = Elapsed time spent in this place.
 B = Non-inter-level travel time spent in this place.
 C = Inter-level travel time spent in this place.
 D = Time resting spent in this place.
 E = Time spent auto-exploring this place.
 F = Levels seen in this place.
 G = Mean time per level.
                   A        B        C        D        E       F      G
               +--------+--------+--------+--------+--------+-----+--------+
         Total |   6550 |   6333 |    217 |   2093 |   3246 |   7 |  935.7 |
       Dungeon |   6512 |   6311 |    201 |   2093 |   3236 |   6 | 1085.3 |
        Temple |     37 |     21 |     16 |      0 |     10 |   1 |   37.0 |
               +--------+--------+--------+--------+--------+-----+--------+

Top non-repeatable levels by time:
     D:2: 1473 daAuts
     D:5: 1409 daAuts
     D:1: 1148 daAuts
     D:4: 1074 daAuts
     D:3: 826 daAuts
     D:6: 580 daAuts
  Temple: 37 daAuts
